 Dungeon Crawl Stone Soup version 0.30-a0-626-gd6a5dd7a1f (webtiles) character file.

Game seed: 3988216891786581563

307 Leeroy the Slasher (level 6, -3/44 HPs)
             Began as a Merfolk Gladiator on Jan 11, 2023.
             Splashed by a jelly's acid (9 damage)
             ... on level 2 of the Dungeon.
             The game lasted 00:02:21 (1941 turns).

Leeroy the Slasher (Merfolk Gladiator)              Turns: 1941, Time: 00:02:21

Health: -3/44      AC:  1    Str: 15    XL:     6   Next: 40%
Magic:  6/6        EV: 13    Int:  7    God:
Gold:   88         SH:  5    Dex: 17    Spells: 5/5 levels left

rFire   . . .      SeeInvis .    a - +0 long sword
rCold   . . .      Faith    .    g - +0 buckler
rNeg    . . .      Spirit   .    b - +0 leather armour
rPois   .          Reflect  .    c - +0 helmet
rElec   .          Harm     .    t - +0 cloak
rCorr   .          Rampage  .    (no gloves)
Will    .....                    (no boots)
Stlth   +                        (no amulet)
HPRegen 0.27/turn                (no ring)
MPRegen 0.10/turn                (no ring)

@: corroded
A: (nimble swimmer 2), mertail
a: no special abilities


You were on level 2 of the Dungeon.
You visited 1 branch of the dungeon, and saw 2 of its levels.

You collected 88 gold pieces.

Inventory:

Hand Weapons
 a - a +0 long sword (weapon)
 n - a +2 dagger of venom
 s - a +2 quarterstaff of chaos
Missiles
 d - a throwing net (quivered)
 e - a javelin
Armour
 b - a +0 leather armour (worn)
 c - a +0 helmet (worn)
 g - a +0 buckler (worn)
 t - a +0 cloak (worn)
Wands
 w - a wand of roots (6)
Scrolls
 f - a scroll of torment {unknown}
 l - a scroll of vulnerability {unknown}
 o - a scroll of amnesia {unknown}
 u - 2 scrolls of identify {unknown}
 v - a scroll of blinking {unknown}
Potions
 h - a potion of haste {unknown}
 i - a potion of magic {unknown}
 j - 6 potions of curing {unknown}
 k - a potion of degeneration {unknown}
 m - a potion of might {unknown}
 p - a potion of cancellation {unknown}
 q - a potion of invisibility {unknown}
 r - a potion of brilliance {unknown}


   Skills:
 - Level 2.1 Fighting
 + Level 7.5 Long Blades
 - Level 2.0 Throwing
 - Level 4.0 Dodging
 * Level 2.8 Shields


You had 5 spell levels left.
You didn't know any spells.
Your spell library contained the following spells:

 Spells                   Type           Power      Damage    Failure   Level
 Magic Dart               Conj           0%         1d3       61%         1
 Searing Ray              Conj           0%         2d4       75%         2
 Fulminant Prism          Conj/Hex       0%         3d5       100%        4


Dungeon Overview and Level Annotations

Branches:
Dungeon (2/15)

Altars:

Shops:
D:2 (


Innate Abilities, Weirdness & Mutations

((You are very nimble when in or above water. (Stealth+, EV+, Speed+++)))
Your lower body shifts to a powerful aquatic tail in water.


Message History

The jelly quivers.
You hit the jelly but do no damage. The acid corrodes you!
Your hands burn!
The endoplasm freezes you.
You are frozen.
You block the jelly's attack.
The endoplasm jiggles.
The endoplasm hits the fungus.
You hit the jelly.
Your hands burn!
The jelly is moderately wounded.
The jelly barely misses you. The endoplasm hits you.
The jelly closely misses you.
The endoplasm hits the fungus. x2
The fungus begins to die.
You slash the jelly!
Your hands burn!
The jelly is severely wounded.
The endoplasm quivers.
The jelly hits you.
You are splashed with acid!
The endoplasm hits you. The jelly closely misses you.
The endoplasm hits the fungus.
The endoplasm hits you but does no damage.
The endoplasm hits the fungus.
The endoplasm quivers.
A nearby fungus withers and dies.
The endoplasm freezes you.
You are frozen.
* * * LOW HITPOINT WARNING * * *
The endoplasm hits the fungus.
The endoplasm hits you.
* * * LOW HITPOINT WARNING * * *
The jelly attacks as you move away! You block the jelly's attack.
The endoplasm freezes you.
You are frozen.
* * * LOW HITPOINT WARNING * * *
The endoplasm hits the fungus.
The fungus begins to die.
The jelly attacks as you move away! You block the jelly's attack.
The endoplasm attacks as you move away! The endoplasm misses you.
The endoplasm freezes you.
You are frozen.
* * * LOW HITPOINT WARNING * * *
There is an open door here.
The jelly attacks as you move away! The jelly hits you.
* * * LOW HITPOINT WARNING * * *
You are splashed with acid!
You die...

#.# ### #.# ##.#
#######.##.J..÷?#######.#
...#####....#.#.#...P.÷##......#
#..#.##.....#.#.#.÷....#########
#....)......#'#.#J..÷.P#
#)#..'........#)#..÷...##### ###
#.##.'........#.#J.P...##..####..
#.##.##....(..#.#JJ....##........
#.######....).##@JJJP..##........
#.# ##########JJ÷...##........
#.# #########........ #.# ###
##........ #.# #.###......... #.#
#............. ########......
#...... #######


You could see 2 jellies and 8 endoplasms.

Vanquished Creatures
  Sigmund (D:2)
  Crazy Yiuf (D:2)
  Terence (D:1)
  3 adders (D:2)
  A worm (D:2)
  2 dart slugs (D:2)
  5 ball pythons (D:1)
  3 bats (D:1)
  8 endoplasms
  A giant cockroach (D:2)
  4 goblins
  2 hobgoblins
  2 jackals (D:1)
  A quokka (D:2)
  A frilled lizard (D:1)
  16 kobolds
  4 rats
56 creatures vanquished.

Vanquished Creatures (others)
  2 fungi (D:2)
  10 toadstools (D:2)
12 creatures vanquished.

Grand Total: 68 creatures vanquished

Notes
Turn   | Place    | Note
-------+----------+-------------------------------------------
     0 | D:1      | Leeroy the Merfolk Gladiator began the quest for the Orb.
     0 | D:1      | Reached XP level 1. HP: 16/16 MP: 1/1
   190 | D:1      | Reached skill level 4 in Long Blades
   227 | D:1      | Reached XP level 2. HP: 22/22 MP: 2/2
   443 | D:1      | Reached XP level 3. HP: 27/27 MP: 3/3
   709 | D:2      | Noticed Terence
   725 | D:1      | Killed Terence
   726 | D:1      | Reached skill level 5 in Long Blades
   726 | D:1      | Reached skill level 1 in Shields
   749 | D:2      | Reached XP level 4. HP: 5/33 MP: 4/4
   997 | D:2      | Found a runed translucent door.
   998 | D:2      | Noticed Crazy Yiuf
  1007 | D:2      | Killed Crazy Yiuf
  1121 | D:2      | Reached skill level 6 in Long Blades
  1420 | D:2      | Reached XP level 5. HP: 38/38 MP: 5/5
  1576 | D:2      | Found Setou's Antique Weapon Emporium.
  1685 | D:2      | Noticed Sigmund
  1700 | D:2      | Killed Sigmund
  1701 | D:2      | Reached skill level 7 in Long Blades
  1701 | D:2      | Reached XP level 6. HP: 18/44 MP: 6/6
  1941 | D:2      | Splashed by a jelly's acid

Illustrated notes

Levels and vault maps discovered:
D:1:      amcnicky_arrival_single_pillar, layout_loops_ring, minmay_domino_2
D:2:      cheibrodos_fertilizer, layout_loops_ring, serial_shops, shop,
          uniq_sigmund, uniq_crazy_yiuf_cottage, uniq_terence

Skill      XL: |  1  2  3  4  5 |
---------------+----------------+-----
Long Blades    | 4 5 6 7 |  7.5
Shields        | 1 2 |  2.8
Fighting       | |  2.1
Throwing       | |  2.0
Dodging        | |  4.0

Action                   |  1- 3 |  4- 6 || total
-------------------------+-------+-------++-------
Melee: Long sword        |    72 |   117 ||   189
Throw: Throwing net      |     2 |     3 ||     5
 Stab: Held in net/web   |       |     1 ||     1
Armor: Leather armour    |    20 |    34 ||    54
Dodge: Dodged            |    83 |    57 ||   140
Block: Buckler           |    15 |    25 ||    40

Table legend: (Time is in decaauts)
 A = Elapsed time spent in this place.
 B = Non-inter-level travel time spent in this place.
 C = Inter-level travel time spent in this place.
 D = Time resting spent in this place.
 E = Time spent auto-exploring this place.
 F = Levels seen in this place.
 G = Mean time per level.
                   A        B        C        D        E       F      G
               +--------+--------+--------+--------+--------+-----+--------+
         Total |   1972 |   1876 |     96 |      0 |   1409 |   2 |  986.0 |
       Dungeon |   1972 |   1876 |     96 |      0 |   1409 |   2 |  986.0 |
               +--------+--------+--------+--------+--------+-----+--------+

Top non-repeatable levels by time:
     D:2: 1226 daAuts
     D:1: 745 daAuts
